 Dungeon Crawl Stone Soup version 0.30.0-21-gd299b56b3f (webtiles) character file.

Game seed: 13880574412621011516

51 qw the Chopper (level 3, 0/23 HPs)
             Began as a Gargoyle Fighter on June 2, 2023.
             Slain by a gnoll
             ... wielding a +0 halberd
              (9 damage)
             ... on level 2 of the Dungeon.
             The game lasted 00:00:32 (1307 turns).

qw the Chopper (Gargoyle Fighter)                   Turns: 1307, Time: 00:00:33

Health: 0/23       AC: 14    Str: 21    XL:     3   Next: 81%
Magic:  3/3        EV:  7    Int:  8    God:
Gold:   149        SH:  4    Dex:  9    Spells: 2/2 levels left

rFire   + . .        Y - +0 war axe (flame)
rCold   . . .        c - +0 buckler
rNeg    + . .        l - +0 chain mail
rPois   inf          a - +1 helmet of the Valley of Death {rElec rF+}
rElec   +            (no cloak)
rCorr   .            (no gloves)
SInv    .            (no boots)
Will    .....        (no amulet) Stlth
                     (no ring)
HPRegen 0.23/turn    (no ring)
MPRegen 0.08/turn

%: no passive effects
@: no status effects
A: sickness immunity, AC +3, negative energy resistance 1, electricity
resistance, torment resistance 1, petrification resistance
a: no special abilities


You were on level 2 of the Dungeon.
You visited 1 branch of the dungeon, and saw 2 of its levels.

You collected 149 gold pieces.


Innate Abilities, Weirdness & Mutations

You are immune to sickness and miasma.
Your stone body is resilient. (AC +3)
You are immune to poison.
You resist negative energy. (rN+)
You are resistant to electric shocks. (rElec)
You are resistant to unholy torment.
You are immune to petrification.


   Skills:
 - Level 3.2 Fighting
 + Level 3.6 Axes
 - Level 3.2 Armour
 - Level 3.2 Shields


You had 2 spell levels left.
You didn't know any spells.
Your spell library was empty.

Inventory:

Hand Weapons
 Y - a +0 war axe of flaming (weapon)
Armour
 a - the +1 helmet of the Valley of Death (worn) {rElec rF+}
   (You acquired it on level 1 of the Dungeon)

   rF:        It protects you from fire.
   rElec:     It insulates you from electricity.
 c - a +0 buckler (worn)
 l - a +0 chain mail (worn)
Scrolls
 g - 2 scrolls of teleportation
Potions
 b - a potion of flight {unknown}
 d - a potion of might
 e - 2 potions of heal wounds {unknown}
 f - 2 potions of curing

Dungeon Overview and Level Annotations

Branches:
Dungeon (2/15)

Altars:


Message History

Enter note:
Enter note:
Enter note:
Enter note:
Enter note:
Enter note:
Enter note:
Enter note:
Enter note:
1297 ||| Stepping ~*~*~tactically~*~*~ (hiding).
1298 ||| Stepping ~*~*~tactically~*~*~ (hiding).
Enter note:
Enter note:
Enter note:
Enter note:
Enter note:
Enter note:
Enter note:
Enter note:
Enter note: You closely miss the quokka.
The gnoll shouts!
The quokka bites you. You block the quokka's attack.
You hit the quokka. You burn the quokka.
You kill the quokka!
You hit the goblin. You burn the goblin. The gnoll hits you but does no damage.
The goblin hits you but does no damage. You block the goblin's attack.
You hit the goblin. You burn the goblin.
You kill the goblin!
You barely miss the gnoll. You block the gnoll's attack.
You closely miss the gnoll. You barely miss the gnoll.
The gnoll hits you but does no damage.
The gnoll hits you from afar with a +0 halberd.
You block the gnoll's attack. The gnoll hits you but does no damage.
You barely miss the gnoll. You hit the gnoll but do no damage.
The gnoll hits you but does no damage. The gnoll hits you with a +0 flail.
The gnoll hits you from afar with a +0 halberd!
You die...

.........'...# #....
###.....###.# #.##.
#.......#'####.##.
#.....#.....##.##.
..######.....#.....##.##.
.........................
..#####.....#.........##.
.#####gg...#.#####...###
......g.@................
......#####.###########..
...... .... .........
..... .### #######..
..g.. #.. .... ######..
.g.. #.......
##########....#..
#.......##.......


You could see 3 gnolls.

Vanquished Creatures
  2 gnolls (D:2)
  A dart slug (D:2)
  3 ball pythons
  2 endoplasms (D:1)
  A giant cockroach (D:2)
  A goblin (D:2)
  A hobgoblin (D:2)
  5 jackals (D:1)
  2 quokkas
  A frilled lizard (D:2)
  5 kobolds
  3 rats
27 creatures vanquished.

Notes
Turn   | Place    | Note
-------+----------+-------------------------------------------
     0 | D:1      | qw the Gargoyle Fighter began the quest for the Orb.
     0 | D:1      | Reached XP level 1. HP: 14/14 MP: 1/1
     0 | D:1      | 0 ||| qw: Version: 0.2-a-102-gdf20003
     0 | D:1      | 0 ||| qw: Game counter: 814
     0 | D:1      | 0 ||| qw: Always use a shield: true
     0 | D:1      | 0 ||| qw: God list: Okawaru
     0 | D:1      | 0 ||| qw: Allow faded altars: false
     0 | D:1      | 0 ||| qw: Do Orc after D:15 true
     0 | D:1      | 0 ||| qw: Do second Lair branch before Depths: true
     0 | D:1      | 0 ||| qw: Lair rune preference: random
     0 | D:1      | 0 ||| qw: Plans: Normal, Zot:1-4, Slime:5, God:TSO, Crypt,
                  | Tomb, Pan, Hells, Abyss, Win
     0 | D:1      | 0 ||| PLANNING D:1-11
   170 | D:1      | 170 ||| DROPPING +0 club.
   330 | D:1      | 330 ||| Stepping ~*~*~tactically~*~*~ (hiding).
   335 | D:1      | Reached XP level 2. HP: 19/19 MP: 2/2
   542 | D:1      | Found a faded altar of an unknown god.
   812 | D:1      | 812 ||| UPGRADING to +0 chain mail.
   822 | D:1      | 822 ||| DROPPING +0 scale mail.
   823 | D:1      | 823 ||| DROPPING ring of flight.
   824 | D:1      | 824 ||| READING scroll labelled DIOTHRA LIGGI.
   824 | D:1      | Identified a scroll of acquirement
   824 | D:1      | 824 ||| ACQUIRING +1 helmet of the Valley of Death {rElec
                  | rF+}
   824 | D:1      | Acquired the +1 helmet of the Valley of Death {rElec rF+}
   826 | D:1      | 826 ||| UPGRADING to +1 helmet of the Valley of Death
                  | {rElec rF+}.
   831 | D:1      | 831 ||| READING 2 scrolls labelled DOPORI CUFAFA.
   835 | D:1      | 835 ||| READING 2 scrolls labelled IMER SAGGEXU.
   836 | D:1      | 836 ||| READING scroll of brand weapon.
   836 | D:1      | 836 ||| BRANDING +0 war axe of electrocution.
   837 | D:1      | 837 ||| DROPPING +0 mace.
   838 | D:1      | 838 ||| READING scroll labelled YFRIDI MUPH.
   839 | D:1      | 839 ||| DRINKING 3 puce potions.
   907 | D:2      | Reached skill level 3 in Axes
  1054 | D:2      | Reached XP level 3. HP: 23/23 MP: 3/3
  1297 | D:2      | 1297 ||| Stepping ~*~*~tactically~*~*~ (hiding).
  1298 | D:2      | 1298 ||| Stepping ~*~*~tactically~*~*~ (hiding).
  1307 | D:2      | Slain by a gnoll

Levels and vault maps discovered:
D:1:      minmay_arrival_radiant_lines, layout_loops_ring,
          basic_ecumenical_altar
D:2:      layout_basic, chequers_serial_rivers_micro_a

Skill      XL: |  1  2 |
---------------+-------+-----
Axes           | 2 3 |  3.6
Fighting       | |  3.2
Armour         | |  3.2
Shields        | |  3.2

Action                     || total
---------------------------++-------
  Melee: War axe           ||    71
    Use: Scroll            ||     5
         Potion            ||     1
 Armour: Scale mail        ||    22
         Chain mail        ||    18
  Dodge: Dodged            ||    28
  Block: Buckler           ||    20

Table legend:
 A = Non-vault XP
 B = Vault XP
 C = Vault XP percentage of total XP
 D = Non-vault monster count
 E = Vault monster count
 F = Vault count percentage of total count
                 A         B        C        D         E       F
            +---------+---------+-------+---------+---------+-------
      Total |      73 |       0 |   0.0 |      27 |       0 |   0.0
            +---------+---------+-------+---------+---------+-------
        D:1 |      25 |       0 |   0.0 |      14 |       0 |   0.0
        D:2 |      48 |       0 |   0.0 |      13 |       0 |   0.0
            +---------+---------+-------+---------+---------+-------
